 Dungeon Crawl Stone Soup version 0.21.1-1-g345015f (webtiles) character file.

2368 nikopol the Covered (level 9, -17/78 HPs)
             Began as a Hill Orc Fighter on June 24, 2018.
             Demolished by an orc warrior
             ... wielding a +0 flail
              (18 damage)
             ... on level 6 of the Dungeon.
             The game lasted 00:20:33 (5404 turns).

nikopol the Covered (Hill Orc Fighter)              Turns: 5404, Time: 00:20:35

Health: -17/78     AC:  9    Str: 22    XL:     9   Next: 44%
Magic:  9/9        EV:  9    Int: 10    God:
Gold:   352        SH: 10    Dex: 10    Spells: 8/8 levels left

rFire    . . .     SeeInvis .   t - +7 whip "Roistroc" {venom, +Blink rElec Int+2}
rCold    + . .     Gourm    .   c - +0 shield
rNeg     . . .     Faith    .   b - +0 scale mail
rPois    .         Spirit   .   (no helmet)
rElec    +         Reflect  .   (no cloak)
rCorr    .         Harm     .   i - +0 pair of gloves
MR       .....                  (no boots)
Stlth    +.........             (no amulet)
HPRegen  0.23/turn              n - ring of stealth
MPRegen  0.11/turn              A - ring of protection from cold

@: no status effects
A: no striking features
a: Evoke Blink


You were on level 6 of the Dungeon.
You were not hungry.

You visited 1 branch of the dungeon, and saw 6 of its levels.
You also visited: Sewer.

You collected 352 gold pieces.

Inventory:

Hand Weapons
 a - a +0 war axe
 t - the +7 whip "Roistroc" (weapon) {venom, +Blink rElec Int+2}
   (You found it on level 4 of the Dungeon)

   It poisons the flesh of those it strikes.
   It affects your intelligence (+2).
   It insulates you from electricity.
   It lets you blink.
Armour
 b - a +0 scale mail (worn)
 c - a +0 shield (worn)
 i - a +0 pair of gloves (worn)
Jewellery
 n - a ring of stealth (left hand)
 A - a ring of protection from cold (right hand)
Wands
 p - a wand of iceblast (3)
 z - a wand of enslavement (9)
Scrolls
 e - a scroll of blinking {unknown}
 g - 2 scrolls of immolation
 m - 4 scrolls of teleportation
 o - a scroll of identify
 u - a scroll of enchant weapon {unknown}
 v - a scroll of enchant armour {unknown}
 y - a scroll of vulnerability {unknown}
 B - a scroll of fog {unknown}
Potions
 d - a potion of lignification {unknown}
 h - 2 potions of resistance
 j - 2 potions of curing {unknown}
 k - a potion of flight
 l - a potion of magic {unknown}
 q - 2 potions of haste {unknown}
 s - a potion of might
 x - a potion of invisibility {unknown}
Comestibles
 f - 19 rations
 w - 5 chunks of flesh


   Skills:
 + Level 6.9 Fighting
 + Level 6.5(8.0) Axes
 + Level 6.0(7.0) Maces & Flails
 + Level 7.2 Armour
 + Level 2.5 Dodging
 + Level 0.8 Stealth
 + Level 6.6 Shields
 + Level 0.4 Evocations


You had 8 spell levels left.
You didn't know any spells.

Dungeon Overview and Level Annotations

Branches:
Dungeon (6/15)
 Temple: D:4-7

Altars:
Fedhas
Ru
Uskayaw
Vehumet
Wu Jian
Zin

Shops:
D:4 *

Annotations:
D:5 exclusion: statue


Message History

The orc priest misses you. The orc warrior hits you with a flail!
* * * LOW HITPOINT WARNING * * *
The orc priest hits you but does no damage.
The orc priest threatens, "By the altar or by the axe, you will meet Beogh!"
You thrash the orc priest!!
You kill the orc priest!
The orc priest shouts, "Beogh is our master!
Accept the truth or die!"
You block the orc priest's attack.
You whack the orc priest!
The orc priest is poisoned.
The orc priest is severely wounded.
You block the orc warrior's attack. You block the orc priest's attack.
You whack the orc priest!
You kill the orc priest!
Your base Maces & Flails skill increases to level 6!
The orc warrior hits you with a flail!
* * * LOW HITPOINT WARNING * * *
You fail to use your ability.
You fail to use your ability.
You block the orc warrior's attack.
You fail to use your ability.
The orc warrior hits you with a flail!!
You die...

########....#
......##....############
.....#..#...#...#......#
..))#....#..#...#......#
#))#......#.#...#......#
.##........##..........#
.############..........#
...## #####.((.o).....# #...#
#....###.@[.....#
....#####...# #.)......#
........#...#*##.......#
.....(......#,*#.......#
##....(...>##,*#.......#
#.##'#()...#,*######+##******
#.##.#.....#,*******,*,,,,,,*
#.##.#.....#,**,,,,,,,,,,,,,*
#.*#.#.....#,**,,,,,,,,,,,,,*


You could see an orc warrior.

Vanquished Creatures
  The ghost of diana the Slasher, an amateur BaFi (D:5)
  The ghost of TotesWizzard the Shield-Bearer, an amateur DDFi (D:4)
  An orc warrior (D:6)
  A sky beast (D:5)
  2 ogres
  3 phantoms
  A centaur (D:6)
  2 bullfrogs (Sewer)
  A crimson imp (D:5)
  A bullfrog zombie (D:6)
  4 hounds
  A quasit (D:6)
  3 orc priests (D:6)
  Ijyb (D:3)
  A bullfrog skeleton (D:4)
  5 iguanas
  6 orc wizards
  A hound zombie (D:6)
  8 gnolls
  18 adders
  15 oozes
  3 worms
  4 dart slugs
  8 leopard geckos
  22 orcs
  12 giant cockroaches
  7 goblins
  8 hobgoblins
  21 jackals
  4 quokkas
  11 ball pythons
  7 bats
  14 frilled lizards
  A giant cockroach zombie (D:5)
  A jackal skeleton (D:4)
  10 kobolds
  11 rats
221 creatures vanquished.

Vanquished Creatures (others)
  An orc wizard (D:3)
1 creature vanquished.

Grand Total: 222 creatures vanquished

Notes
Turn   | Place    | Note
-------+----------+-------------------------------------------
     0 | D:1      | nikopol the Hill Orc Fighter began the quest for the Orb.
     0 | D:1      | Reached XP level 1. HP: 19/19 MP: 1/1
    93 | D:1      | Reached XP level 2. HP: 24/27 MP: 2/2
   394 | D:1      | Reached XP level 3. HP: 33/33 MP: 3/3
  1003 | D:2      | Reached skill level 4 in Armour
  1003 | D:2      | Reached XP level 4. HP: 31/40 MP: 4/4
  1055 | D:2      | Found a sacrificial altar of Ru.
  1623 | D:3      | Noticed Ijyb
  1646 | D:3      | Killed Ijyb
  1646 | D:3      | Reached XP level 5. HP: 41/47 MP: 5/5
  1715 | D:3      | Reached skill level 1 in Dodging
  2119 | D:3      | Reached skill level 5 in Axes
  2119 | D:3      | Reached XP level 6. HP: 48/53 MP: 6/6
  2572 | D:3      | Found a faded altar of an unknown god.
  3070 | D:4      | Found an ornate altar of the Wu Jian Council.
  3070 | D:4      | Noticed TotesWizzard's ghost (amateur DDFi)
  3080 | D:4      | Killed TotesWizzard's ghost
  3080 | D:4      | Reached skill level 5 in Fighting
  3080 | D:4      | Reached XP level 7. HP: 61/61 MP: 7/7
  3180 | D:4      | Reached skill level 5 in Shields
  3188 | D:4      | Got a bloodstained whip
  3189 | D:4      | Identified the +7 whip "Roistroc" {venom, +Blink rElec Int+2} (You found it on level 4 of the Dungeon)
  3200 | D:4      | Found Zin's Purification Station.
  3205 | D:4      | Found a glowing silver altar of Zin.
  3260 | D:4      | Reached skill level 5 in Armour
  3491 | D:5      | Entered Level 5 of the Dungeon
  3607 | D:5      | Found a blossoming altar of Fedhas.
  3688 | D:5      | Reached skill level 1 in Maces & Flails
  3809 | D:5      | Found a radiant altar of Vehumet.
  3822 | D:5      | Reached XP level 8. HP: 63/68 MP: 8/8
  3828 | D:5      | Reached skill level 6 in Armour
  4021 | D:5      | Noticed diana's ghost (amateur BaFi)
  4071 | D:5      | Killed diana's ghost
  4459 | D:6      | Found a hide-covered altar of Uskayaw.
  4489 | D:6      | Found a glowing drain.
  4505 | Sewer    | Entered a sewer
  4797 | Sewer    | Reached XP level 9. HP: 71/77 MP: 9/9
  4801 | Sewer    | Reached skill level 7 in Armour
  4872 | D:6      | Reached skill level 5 in Maces & Flails
  5401 | D:6      | HP: 1/78 [orc warrior/flail (8)]
  5404 | D:6      | Demolished by an orc warrior

Skill      XL: |  1  2  3  4  5  6  7  8  9 |
---------------+----------------------------+-----
Axes           | 3 4 5 6 |  6.5
Fighting       | 4 5 6 |  6.9
Armour         | 4 5 6 7 |  7.2
Shields        | 4 5 6 |  6.6
Dodging        | 1 2 |  2.5
Maces & Flails | 1 4 6 |  6.0
Stealth        | |  0.8
Evocations     | |  0.4

Action                   |  1- 3 |  4- 6 |  7- 9 || total
-------------------------+-------+-------+-------++-------
Melee: War axe           |    99 |   317 |    13 ||   429
       Whip              |       |       |   416 ||   416
 Abil: Evoke Blink       |       |       |     1 ||     1
Evoke: Wand              |       |       |     2 ||     2
  Use: Scroll            |       |     4 |     5 ||     9
       Potion            |       |     2 |     2 ||     4
  Eat: Chunk             |       |     8 |     8 ||    16
Armor: Scale mail        |    68 |   141 |   135 ||   344
Dodge: Dodged            |    42 |    97 |   121 ||   260
Block: Shield            |    76 |   143 |   190 ||   409
